 Dungeon Crawl Stone Soup version 0.31.0-12-g77e489cdc1 (webtiles) character file.

Game seed: 17925133901316689657

406 wildpjah the Slasher (level 6, -1/47 HPs)
             Began as a Merfolk Gladiator on Feb 13, 2024.
             Incinerated by a bombardier beetle (4 damage)
             ... with a burning spray
             ... on level 4 of the Dungeon.
             The game lasted 00:05:38 (2644 turns).

wildpjah the Slasher (Merfolk Gladiator)            Turns: 2644, Time: 00:05:38

Health: -1/47      AC: 11    Str: 20    XL:     6   Next: 87%
Magic:  6/6        EV: 12    Int: 14    God:
Gold:   163        SH:  0    Dex: 17    Spells: 5/5 levels left

rFire   . . .        a - +0 long sword
rCold   . . .        (no shield)
rNeg    . . .        k - +0 scale mail
rPois   .            c - +0 helmet
rElec   .            w - +0 cloak
rCorr   .            l - +0 pair of gloves
SInv    .            s - +0 pair of boots
Will    .....        (no amulet) Stlth
                     g - +6 ring of strength
HPRegen 0.27/turn    m - +6 ring of intelligence
MPRegen 0.10/turn

%: no passive effects
@: on fire, glowing
A: (nimble swimmer 2), mertail
a: no special abilities


You were on level 4 of the Dungeon.
You visited 1 branch of the dungeon, and saw 4 of its levels.

You collected 163 gold pieces.

Inventory:

Hand Weapons
 a - a +0 long sword (weapon)
 q - a +4 dagger
Missiles
 d - 2 throwing nets (quivered)
 e - a javelin
 i - 6 curare-tipped darts
Armour
 b - a +0 leather armour
 c - a +0 helmet (worn)
 k - a +0 scale mail (worn)
 l - a +0 pair of gloves (worn)
 s - a +0 pair of boots (worn)
 w - a +0 cloak (worn)
Jewellery
 g - a +6 ring of strength (left hand)
 m - a +6 ring of intelligence (right hand)
Wands
 t - a wand of polymorph (14)
 D - a wand of flame (17)
Scrolls
 f - 5 scrolls of identify {unknown}
 n - a scroll of fog {unknown}
 p - a scroll of enchant weapon {unknown}
 v - a scroll of teleportation {unknown}
 x - a scroll of amnesia {unknown}
 y - 2 scrolls of brand weapon {unknown}
 B - a scroll of immolation {unknown}
Potions
 h - 3 potions of heal wounds {unknown}
 j - a potion of mutation {unknown}
 o - a potion of invisibility {unknown}
 r - 2 potions of magic {unknown}
 u - 3 potions of might {unknown}
 z - a potion of enlightenment {unknown}
 A - a potion of resistance {unknown}
 C - a potion of ambrosia {unknown}
 E - a potion of haste {unknown}


   Skills:
 + Level 3.1 Fighting
 * Level 6.5 Long Blades
 + Level 2.3 Throwing
 + Level 2.2 Armour
 + Level 5.4 Dodging
 + Level 0.9 Stealth


You had 5 spell levels left.
You didn't know any spells.
Your spell library was empty.

Dungeon Overview and Level Annotations

Branches:
Dungeon (4/15)
 Temple: D:4-7

Altars:

Shops:
D:2 (


Innate Abilities, Weirdness & Mutations

((You are very nimble when in or above water. (Stealth+, EV+, Speed+++)))
Your lower body shifts to a powerful aquatic tail in water.


Message History

The liquid fire burns you!
You barely miss the bombardier beetle.
The bombardier beetle is moderately wounded.
The liquid fire burns you!
The bombardier beetle sprays incendiary fluid at you.
The burning spray hits you.
You are even more covered in liquid fire!
You hit the bombardier beetle.
The bombardier beetle is severely wounded.
The liquid fire burns you!
The bombardier beetle closely misses you.
You hit the bombardier beetle.
You kill the bombardier beetle!
The liquid fire burns you!
The giant cockroach bites you but does no damage.
You hit the giant cockroach.
The giant cockroach is lightly wounded.
The liquid fire burns you!
The giant cockroach bites you but does no damage.
You hit the giant cockroach.
The giant cockroach is heavily wounded.
The liquid fire burns you!
The giant cockroach bites you but does no damage.
You slash the giant cockroach!
You kill the giant cockroach!
The liquid fire burns you!
* * * LOW HITPOINT WARNING * * *
A kobold comes into view. It is wielding a +0 club.
Found a trident.
You shake off some of the fire as you move.
The liquid fire burns you!
* * * LOW HITPOINT WARNING * * *
The kobold shouts!
You see here a giant cockroach corpse.
You shake off some of the fire as you move.
The liquid fire burns you!
* * * LOW HITPOINT WARNING * * *
You shake off some of the fire as you move.
The liquid fire burns you!
You die...

#<........##
#...........
#..###...###
#...#....#
#...#..#.#
######....#
.)........#.#
#############†.K..#
#..........@..#...#
#.###########.#
#..# #.# #.... #.#
... #.# #.#.# #.# .
#.# #.#.# #.#
#.#####.#.# #.#
#.##.....<# #.#
#.##....### .#
#.........#


You could see a kobold.

Vanquished Creatures
  3 bombardier beetles
  Crazy Yiuf (D:2)
  Jessica (D:2)
  2 orc wizards (D:3)
  Natasha (thrice) (D:2)
  6 adders
  2 dart slugs
  A ribbon worm (D:2)
  An orc (D:3)
  3 endoplasms
  5 giant cockroaches
  5 goblins
  4 hobgoblins
  3 quokkas
  8 ball pythons
  13 bats
  6 frilled lizards
  4 kobolds
  3 rats
74 creatures vanquished.

Notes
Turn   | Place    | Note
-------+----------+-------------------------------------------
     0 | D:1      | wildpjah the Merfolk Gladiator began the quest for the Orb.
     0 | D:1      | Reached XP level 1. HP: 16/16 MP: 1/1
    79 | D:1      | Reached XP level 2. HP: 5/22 MP: 2/2
   183 | D:1      | Reached skill level 4 in Long Blades
   623 | D:2      | Noticed Natasha
   638 | D:2      | Killed Natasha
   639 | D:2      | Reached XP level 3. HP: 28/28 MP: 3/3
   675 | D:2      | Noticed Jessica
   681 | D:2      | Killed Jessica
   682 | D:2      | Reached XP level 4. HP: 21/34 MP: 4/4
   782 | D:2      | Reached skill level 5 in Long Blades
   949 | D:2      | Noticed Natasha
   961 | D:2      | Killed Natasha
   962 | D:2      | Reached skill level 1 in Armour
   962 | D:2      | Reached XP level 5. HP: 39/39 MP: 5/5
  1130 | D:2      | Noticed Natasha
  1137 | D:2      | Killed Natasha
  1385 | D:2      | Found Lote's Weapon Shoppe.
  1393 | D:2      | Reached skill level 5 in Dodging
  1579 | D:2      | Found a runed translucent door.
  1580 | D:2      | Noticed Crazy Yiuf
  1591 | D:2      | Killed Crazy Yiuf
  1770 | D:3      | Reached XP level 6. HP: 30/47 MP: 6/6
  2251 | D:3      | Reached skill level 6 in Long Blades
  2644 | D:4      | Incinerated by a bombardier beetle

Illustrated notes

Levels and vault maps discovered:
D:1:      evilmike_arrival_plus, layout_rooms
D:2:      layout_basic, serial_shops, nicolae_shop_pleasant_corner_grove,
          uniq_jessica, uniq_natasha, uniq_crazy_yiuf_cottage
D:3:      minmay_thinvault, layout_rooms, serial_glass, glass_columns_b,
          glass_columns_a
D:4:      layout_basic, temple_doors_ab, eino_tiny_chamber,
          minmay_misc_feat_square

Skill      XL: |  1  2  3  4  5  6 |
---------------+-------------------+-----
Long Blades    | 4 5 6 |  6.5
Armour         | 1 2 |  2.2
Dodging        | 5 |  5.4
Fighting       | 3 |  3.1
Throwing       | |  2.3
Stealth        | |  0.9

Action                     |  1- 3 |  4- 6 || total
---------------------------+-------+-------++-------
  Melee: Long sword        |    64 |   205 ||   269
         Punch             |     1 |     2 ||     3
  Throw: Throwing net      |       |     3 ||     3
   Stab: Held in net/web   |       |     2 ||     2
 Armour: Leather armour    |    18 |       ||    18
         Scale mail        |    17 |   140 ||   157
         Skin              |     5 |    15 ||    20
  Dodge: Dodged            |    51 |   129 ||   180
